 Dungeon Crawl Stone Soup version 0.31-a0-233-g139696dc86 (webtiles) character file.

Game seed: 10278353934516078752

27 qw the Shooter (level 3, -4/21 HPs)
             Began as a Gargoyle Hexslinger on July 7, 2023.
             Killed from afar by Sigmund (5 damage)
             ... with a magic dart
             ... on level 2 of the Dungeon.
             The game lasted 00:00:18 (899 turns).

qw the Shooter (Gargoyle Hexslinger)                 Turns: 899, Time: 00:00:18

Health: -4/21      AC:  5    Str: 11    XL:     3   Next: 10%
Magic:  4/4        EV: 12    Int: 13    God:
Gold:   66         SH:  0    Dex: 14    Spells: 3/4 levels left

rFire   . . .        Y - +1 sling
rCold   . . .        (no shield)
rNeg    + . .        c - +0 robe
rPois   inf          (no helmet)
rElec   +            (no cloak)
rCorr   .            (no gloves)
SInv    .            (no boots)
Will    .....        (no amulet)
Stlth   +            (no ring)
HPRegen 0.23/turn    (no ring)
MPRegen 0.09/turn

%: no passive effects
@: confused
A: sickness immunity, AC +3, negative energy resistance 1, electricity
resistance, torment resistance 1, petrification resistance
a: no special abilities


You were on level 2 of the Dungeon.
You visited 1 branch of the dungeon, and saw 2 of its levels.

You collected 66 gold pieces.


Innate Abilities, Weirdness & Mutations

You are immune to sickness and miasma.
Your stone body is resilient. (AC +3)
You are immune to poison.
You resist negative energy. (rN+)
You are resistant to electric shocks. (rElec)
You are resistant to unholy torment.
You are immune to petrification.


   Skills:
 - Level 2.0 Fighting
 + Level 3.1 Ranged Weapons
 - Level 1.5 Dodging
 - Level 1.0 Spellcasting
 - Level 2.6 Hexes


You had 3 spell levels left.
You knew the following spells:

 Your Spells              Type           Power      Damage    Failure   Level
a - Slow                  Hex            28%        N/A       10%         1

Your spell library contained the following spells:

 Spells                   Type           Power      Damage    Failure   Level
 Inner Flame              Hex/Fire       4%         N/A       43%         3
 Portal Projectile        Hex/Tloc       8%         N/A       43%         3
 Cause Fear               Hex            3%         N/A       67%         4

Inventory:

Hand Weapons
 Y - a +1 sling (weapon)
Armour
 c - a +0 robe (worn)
Scrolls
 f - a scroll of identify
Potions
 i - a potion of curing {unknown}
 j - a potion of brilliance {unknown}

Dungeon Overview and Level Annotations

Branches:
Dungeon (2/15)

Altars:

Annotations:
D:2 Sigmund


Message History

The sling bullet barely misses the endoplasm.
You shoot a sling bullet.
The sling bullet barely misses the endoplasm.
You shoot a sling bullet. The sling bullet hits the endoplasm.
The endoplasm is almost dead.
You shoot a sling bullet.
The sling bullet hits the endoplasm but does no damage.
The endoplasm is almost dead.
You shoot a sling bullet. The sling bullet hits the endoplasm.
You kill the endoplasm!
Found a stone staircase leading down.
Enter note:
Enter note: Sigmund the Dreaded comes into view.
He is wielding a +2 heavy scythe.
Found a thin jewelled staff and an embroidered robe.
Enter note:
Enter note: You shoot a sling bullet.
The sling bullet hits Sigmund.
Sigmund is lightly wounded.
You shoot a sling bullet.
The sling bullet hits Sigmund but does no damage.
Sigmund is lightly wounded.
You shoot a sling bullet.
The sling bullet closely misses Sigmund.
Sigmund gestures at you while chanting. The puff of flame hits you!
You shoot a sling bullet. The sling bullet hits Sigmund.
Sigmund is lightly wounded.
Sigmund gestures at you while chanting.
You are confused.
Sigmund gestures at you while chanting. The magic dart hits you!
Sigmund says, "I'm your fate."
Sigmund points at you and mumbles some strange words.
You resist with significant effort. Sigmund gestures at you while chanting.
The magic dart hits you.
Sigmund points at you and mumbles some strange words.
The magic dart hits you.
You die...

................#...:..
......##.#.............
...........#.#######..
####..#....##.#########
...........##......####
..####..####.####...##
#....## #.# ###..#
#.#.## #.# ##.. # #@#
#.# ###
.......>.......# #
#####.#@....|..#
#.#........# #
.........# .###.!... .
..... .. ....[


You could see Sigmund.

Vanquished Creatures
  An adder (D:2)
  A worm (D:2)
  A ball python (D:2)
  2 endoplasms (D:2)
  A goblin (D:2)
  2 hobgoblins (D:1)
  2 jackals (D:1)
  A kobold (D:2)
  A bat (D:1)
  A frilled lizard (D:1)
  A rat (D:1)
14 creatures vanquished.

Notes
Turn   | Place    | Note
-------+----------+-------------------------------------------
     0 | D:1      | qw the Gargoyle Hexslinger began the quest for the Orb.
     0 | D:1      | Reached XP level 1. HP: 12/12 MP: 2/2
     0 | D:1      | 0 ||| qw: Version: 0.3-a-46-gb1f654a
     0 | D:1      | 0 ||| qw: Game counter: 3280
     0 | D:1      | 0 ||| qw: Melee chars always use a shield: true
     0 | D:1      | 0 ||| qw: God list: Okawaru
     0 | D:1      | 0 ||| qw: Allow faded altars: false
     0 | D:1      | 0 ||| qw: Do Orc after clearing Dungeon:15 true
     0 | D:1      | 0 ||| qw: Do second Lair branch before Depths: true
     0 | D:1      | 0 ||| qw: Lair rune preference: random
     0 | D:1      | 0 ||| qw: Goals: Normal
     0 | D:1      | 0 ||| PLANNING D:1-11
   121 | D:1      | 121 ||| FLEEEEING.
   122 | D:1      | 122 ||| FLEEEEING.
   123 | D:1      | 123 ||| FLEEEEING.
   124 | D:1      | 124 ||| FLEEEEING.
   373 | D:1      | Reached XP level 2. HP: 15/16 MP: 3/3
   450 | D:1      | You fall into a shaft and drop 1 floor!
   506 | D:2      | Identified the +6 dagger "Naoqer Erya" {elec, *Slow Will+++
                  | rCorr Int+3}
   515 | D:2      | Reached skill level 3 in Ranged Weapons
   522 | D:2      | Reached XP level 3. HP: 21/21 MP: 4/4
   529 | D:2      | 529 ||| READING 2 scrolls labelled BABLYT IXUOZA.
   630 | D:2      | 630 ||| READING scroll labelled QIENKEC KAOHU.
   631 | D:2      | 631 ||| READING 3 scrolls labelled ITU PIXZADIUTZ.
   632 | D:2      | 632 ||| READING scroll labelled IDYSTR UGEEPT.
   633 | D:2      | 633 ||| READING 2 scrolls of identify.
   633 | D:2      | 633 ||| IDENTIFYING orange potion
   634 | D:2      | 634 ||| DROPPING scroll of silence.
   635 | D:2      | 635 ||| DROPPING scroll of poison.
   636 | D:2      | 636 ||| DROPPING potion of ambrosia.
   890 | D:2      | Noticed Sigmund
   894 | D:2      | HP: 5/21 [Sigmund/magic dart (9)]
   898 | D:2      | HP: 1/21 [Sigmund/magic dart (5)]
   899 | D:2      | Killed from afar by Sigmund

Levels and vault maps discovered:
D:1:      dpeg_arrival_circle_labyrinth_a, layout_basic
D:2:      layout_rooms, uniq_sigmund

Skill      XL: |  1  2 |
---------------+-------+-----
Ranged Weapons | 3 |  3.1
Fighting       | 2 |  2.0
Dodging        | |  1.5
Spellcasting   | |  1.0
Hexes          | |  2.6

Action                     || total
---------------------------++-------
   Fire: Sling             ||    64
    Use: Scroll            ||     5
 Armour: Robe              ||     8
  Dodge: Dodged            ||    14

Table legend:
 A = Non-vault XP
 B = Vault XP
 C = Vault XP percentage of total XP
 D = Non-vault monster count
 E = Vault monster count
 F = Vault count percentage of total count
                 A         B        C        D         E       F
            +---------+---------+-------+---------+---------+-------
      Total |      39 |       0 |   0.0 |      14 |       0 |   0.0
            +---------+---------+-------+---------+---------+-------
        D:1 |      11 |       0 |   0.0 |       7 |       0 |   0.0
        D:2 |      28 |       0 |   0.0 |       7 |       0 |   0.0
            +---------+---------+-------+---------+---------+-------
